 Dungeon Sprint DCSS version 0.19.0-23-gf02e663 (webtiles) character file.

479 Groucho the Bolt Thrower (level 7, -4/60 HPs)
             Began as a Formicid Hunter on Nov 19, 2016.
             Was a Priest of Okawaru.
             Slain by a deep elf knight
             ... wielding a +0 long sword
              (10 damage)
             ... in the Dungeon (Sprint V: "Ziggurat Sprint").
             The game lasted 00:03:13 (656 turns).

Groucho the Bolt Thrower (Formicid Hunter)           Turns: 656, Time: 00:03:13

Health: -4/60      AC: 28    Str: 31    XL:     7   Next: 33%
Magic:  7/7        EV:  3    Int: 10    God:    Okawaru [***...]
Gold:   0          SH: 30    Dex: 11    Spells: 0 memorised, 6 levels left

rFire  + + .     SeeInvis +     H - +7 great mace "Firestarter" {inner flame, rF++}
rCold  . . .     Gourm    .     F - +15 Maxwell's patent armour {-Cast -Tele rElec MR+ rCorr}
rNeg   + . .     Faith    .     G - +18 shield of the Gong {rElec rN+ MR+ EV-5}
rPois  .         Spirit   .     (helmet unavailable)
rElec  +         Reflect  .     (no cloak)
rCorr  +         Harm     .     (no gloves)
MR     ++...     NoCast   +     (no boots)
Stlth  ..........               (no amulet)
                                E - +6 ring of strength
                                D - +6 ring of strength

@: lethally poisoned (-4 -> -12), very slightly contaminated, invisible
(expiring)
A: permanent stasis, dig shafts and tunnels, four strong arms, antennae 3
a: Dig, Heroism, Renounce Religion


You were in the Dungeon.
You worshipped Okawaru.
Okawaru was most pleased with you.
You were not hungry.

You visited 1 branch

Inventory:

Hand Weapons
 H - the +7 great mace "Firestarter" (weapon) {inner flame, rF++}
   (You found it in the Dungeon)

   It has been specially enchanted to burn those struck by it, causing extra
   injury to most foes and up to half again as much damage against particularly
   susceptible opponents.
   It greatly protects you from fire.
 I - the +9 heavy crossbow "Sniper" {velocity, nevermiss, SInv}
   (You found it in the Dungeon)

   Any bolt fired from it inflicts extra damage.
   It lets you see invisible.
Missiles
 d - 1023 bolts
Armour
 F - the +15 Maxwell's patent armour (worn) {-Cast -Tele rElec MR+ rCorr}
   (You found it in the Dungeon)

   It insulates you from electricity.
   It affects your resistance to hostile enchantments.
   It prevents spellcasting.
   It prevents most forms of teleportation.
   It protects you from acid and corrosion.
 G - the +18 shield of the Gong (worn) {rElec rN+ MR+ EV-5}
   (You found it in the Dungeon)

   It affects your evasion (-5).
   It insulates you from electricity.
   It protects you from negative energy.
   It affects your resistance to hostile enchantments.
 J - +5 gold dragon scales
Jewellery
 z - a +6 ring of dexterity
 A - a +6 ring of dexterity
 B - a +6 ring of intelligence
 C - a +6 ring of intelligence
 D - a +6 ring of strength (left hand)
 E - a +6 ring of strength (right hand)
Wands
 v - a wand of disintegration (7/24)
 w - a wand of iceblast (5/15)
 x - a wand of lightning (5/15)
 y - a wand of acid (5/15)
Scrolls
 h - 4 scrolls of amnesia
 j - 3 scrolls of recharging
 k - 7 scrolls of fog
 l - a scroll of holy word
 m - 5 scrolls of identify
 n - 5 scrolls of remove curse
 o - 2 scrolls of fear
Potions
 e - 10 potions of curing
 g - 10 potions of heal wounds
 i - 7 potions of magic
 p - 2 potions of brilliance
 q - a potion of invisibility
 r - 4 potions of resistance
 s - a potion of experience
 t - 5 potions of agility
 u - 5 potions of might
Comestibles
 a - a chunk of flesh
 b - 42 fruits
 c - 4 meat rations
 f - 5 bread rations


   Skills:
 * Level 7.6 Fighting
 * Level 6.4 Maces & Flails
 * Level 7.8 Crossbows
 * Level 7.0 Armour
 - Level 1.7 Dodging
 - Level 1.2 Stealth
 * Level 7.6 Shields


You had 6 spell levels left.
You didn't know any spells.

Dungeon Overview and Level Annotations

Branches:
Dungeon (1/1)

Altars:
Ashenzari
Cheibriados
Dithmenos
Elyvilon
Fedhas
Gozag
Hepliaklqana
Kikubaaqudgha
Makhleb
Nemelex Xobeh
Okawaru
Qazlal
Ru
Sif Muna
Trog
Uskayaw
Vehumet
Xom
Yredelemnul
Zin
The Shining One
Beogh
Jiyva
Lugonu


Innate Abilities, Weirdness & Mutations

You are under a permanent stasis effect.
You can dig through walls and to a lower floor.
Your four strong arms can wield two-handed weapons with a shield.
You have a pair of large antennae on your head. (SInv)


Message History

Your Armour skill increases to level 7!
Your Shields skill increases to level 7!
You have reached level 7!
You feel sick.
The deep elf knight is engulfed in roaring flames.
The deep elf knight gestures at something while chanting.
The orb of energy explodes!
The war axe of venom hits you but does no damage.
You are lethally poisoned!
The deep elf knight is engulfed in roaring flames.
The deep elf knight points at you and mumbles some strange words.
You block the stone arrow.
BOUMMMMG!
You block the deep elf knight's attack.
GONNNNG!
You block the war axe of venom's attack.
BONNNG!
The deep elf knight is engulfed in roaring flames.
The deep elf knight hits you with a long sword!
You die...

▓▓▓▓▓▓▓▓▓▓▓▓▓▓▓▓▓▓▓
▓.8©8.▓.8©8%▓.8©8.▓
▓.:):.▓.)}:.▓.....▓
▓..|§§▓%....▓...:.▓
{{
▓.ee§§▓.....▓..(..▓
▓.(@.§▓.....▓.....▓
▓.....▓.....▓.....▓
▓.....▓.....▓▓▓▓▓▓▓
▓▓▓▓▓▓▓▓▓▓▓▓▓ {{{
{{{ { { {


You could see 2 deep elf knights and a war axe of venom.

Vanquished Creatures
  A yaktaur (D)
  A water elemental (D)
  A bullfrog (D)
  A river rat (D)
  A jackal (D)
  A leopard gecko simulacrum (D)
6 creatures vanquished.

Notes
Turn   | Place    | Note
-------+----------+-------------------------------------------
     0 | D        | Groucho the Formicid Hunter began the quest for the Orb.
     0 | D        | Reached XP level 1. HP: 16/16 MP: 1/1
    14 | D        | Found a blossoming altar of Fedhas.
    15 | D        | Found a viscous altar of Jiyva.
    15 | D        | Found a hazy altar of Hepliaklqana.
    15 | D        | Found an opulent altar of Gozag.
    15 | D        | Found an ancient bone altar of Kikubaaqudgha.
    15 | D        | Found a corrupted altar of Lugonu.
    22 | D        | Found a burning altar of Makhleb.
    23 | D        | Found a stormy altar of Qazlal.
    23 | D        | Found a sacrificial altar of Ru.
    23 | D        | Found an iron altar of Okawaru.
    23 | D        | Found a deep blue altar of Sif Muna.
    23 | D        | Found a sparkling altar of Nemelex Xobeh.
    23 | D        | Found a bloodstained altar of Trog.
   102 | D        | Became a worshipper of Warmaster Okawaru
   134 | D        | Entered arena 1.
   134 | D        | Noticed a yaktaur
   136 | D        | Identified a +4 rod of ignition (13/13)
   144 | D        | Killed a yaktaur
   144 | D        | Reached * piety under Okawaru
   144 | D        | Reached ** piety under Okawaru
   144 | D        | Reached *** piety under Okawaru
   144 | D        | Reached skill level 5 in Maces & Flails
   144 | D        | Reached skill level 5 in Armour
   144 | D        | Reached XP level 2. HP: 13/29 MP: 2/2
   144 | D        | Reached XP level 3. HP: 15/35 MP: 3/3
   144 | D        | Reached XP level 4. HP: 18/41 MP: 4/4
   144 | D        | Reached XP level 5. HP: 21/47 MP: 5/5
   144 | D        | Reached XP level 6. HP: 24/53 MP: 6/6
   525 | D        | Identified the Incunabulum of Slavery and Good Luck (You found it in the Dungeon)
   628 | D        | Entered arena 2.
   647 | D        | Identified the Incunabulum of the Dusty Traveller (You found it in the Dungeon)
   648 | D        | Entered arena 3.
   648 | D        | Noticed a deep elf knight
   648 | D        | Noticed a deep elf knight
   648 | D        | Noticed a water elemental
   648 | D        | Noticed a war axe of venom
   656 | D        | Killed a water elemental
   656 | D        | Reached XP level 7. HP: 6/60 MP: 7/7
   656 | D        | Slain by a deep elf knight

Skill      XL: |  1  2  3  4  5  6 |
---------------+-------------------+-----
Fighting       | 6 7 |  7.6
Maces & Flails | 5 6 |  6.4
Crossbows      | 6 7 |  7.8
Armour         | 5 7 |  7.0
Shields        | 6 7 |  7.6
Dodging        | |  1.7
Stealth        | |  1.2

Action                   |  1- 3 |  4- 6 |  7- 9 || total
-------------------------+-------+-------+-------++-------
Melee: Great mace        |     6 |    17 |       ||    23
  Use: Potion            |       |     1 |       ||     1
 Stab: Invisible         |       |     3 |       ||     3
Armor: Plate armour      |     2 |    11 |     1 ||    14
Dodge: Dodged            |     1 |     4 |       ||     5
Block: Shield            |    13 |    40 |     3 ||    56
